 Dungeon Crawl Stone Soup version 0.22-a0-414-gacd343e8ff (webtiles) character file.

106 Kriby the Chopper (level 4, -1/41 HPs)
             Began as a Minotaur Berserker on May 13, 2018.
             Was a Believer of Trog.
             Killed by divine providence
             ... invoked by an orc priest
              (11 damage)
             ... on level 3 of the Dungeon.
             The game lasted 00:01:13 (2288 turns).

Kriby the Chopper (Minotaur Berserker)              Turns: 2288, Time: 00:01:13

Health: -1/41      AC:  5    Str: 23    XL:     4   Next: 55%
Magic:  3/3        EV: 12    Int:  4    God:    Trog [**....]
Gold:   84         SH:  0    Dex:  9    Spells: 3/3 levels left

rFire    . . .     SeeInvis .   a - +0 hand axe
rCold    . . .     Gourm    .   (no shield)
rNeg     . . .     Faith    .   n - +0 ring mail
rPois    .         Spirit   .   (helmet restricted)
rElec    .         Reflect  .   (no cloak)
rCorr    .         Harm     .   (no gloves)
MR       .....                  (no boots)
Stlth    +.........             (no amulet)
HPRegen  0.13/turn              g - ring of stealth
MPRegen  0.08/turn              l - ring of flight

@: no status effects
A: retaliatory headbutt, horns 2
a: Berserk, Trog's Hand, Renounce Religion, Evoke Flight


You were on level 3 of the Dungeon.
You worshipped Trog.
Trog was pleased with you.
You were not hungry.

You visited 1 branch of the dungeon, and saw 3 of its levels.

You collected 84 gold pieces.

Inventory:

Hand Weapons
 a - a +0 hand axe (weapon)
Armour
 b - a +0 animal skin
 n - a +0 ring mail (worn)
Jewellery
 g - a ring of stealth (left hand)
 l - a ring of flight (right hand)
Scrolls
 e - a scroll of teleportation {unknown}
 h - 3 scrolls of identify {unknown}
 j - a scroll of random uselessness {unknown}
 k - a scroll of noise {unknown}
Potions
 d - 3 potions of curing {unknown}
 f - a potion of brilliance {unknown}
 i - a potion of might {unknown}
 m - a potion of ambrosia {unknown}
 p - a potion of flight {unknown}
Comestibles
 c - 5 rations


   Skills:
 + Level 4.3 Fighting
 * Level 5.0 Axes
 + Level 3.3 Armour
 + Level 3.0 Dodging


You had 3 spell levels left.
You didn't know any spells.
Your spell library was empty.

Dungeon Overview and Level Annotations

Branches:
Dungeon (3/15)

Altars:
Dithmenos
Hepliaklqana
Ru
Trog


Innate Abilities, Weirdness & Mutations

You reflexively headbutt those who attack you in melee.
You have a pair of horns on your head.


Message History

The orc priest mumbles some strange prayers to Beogh against you.
Beogh smites you!
* * * LOW HITPOINT WARNING * * *
The orc priest calls down the wrath of Beogh upon you.
You barely resist.
Things that are here:
a mace; an orc corpse
There are monsters nearby!
You are too injured to fight recklessly!
There are monsters nearby!
You are too injured to fight recklessly!
There are monsters nearby!
There are monsters nearby!
You are too injured to fight recklessly!
Things that are here:
a dagger; a club; a kobold corpse The orc priest begins to cast a cantrip, but forgets the words!
The orc priest mumbles some strange prayers to Beogh against you.
Beogh smites you!
You die...

##### ....
#..# ###..#
# #....####
#.#.#<....#
#...((.##.#
####..###...
#@.......
#.#######
#.# ####o#
#....#
#..o.#
#...## ##.##
#)#


You could see 2 orc priests.

Vanquished Creatures
  An orc priest (D:3)
  3 adders (D:2)
  3 worms (D:2)
  2 dart slugs (D:1)
  An orc (D:3)
  4 giant cockroaches
  2 goblins
  3 hobgoblins (D:2)
  3 jackals (D:1)
  A quokka (D:2)
  3 bats
  4 frilled lizards
  7 kobolds
  A rat (D:2)
38 creatures vanquished.

Notes
Turn   | Place    | Note
-------+----------+-------------------------------------------
     0 | D:1      | Kriby the Minotaur Berserker began the quest for the Orb.
     0 | D:1      | Reached XP level 1. HP: 19/19 MP: 0/0
   252 | D:1      | Reached XP level 2. HP: 27/27 MP: 1/1
   306 | D:1      | Reached skill level 4 in Axes
   913 | D:2      | Reached XP level 3. HP: 27/33 MP: 2/2
  1025 | D:2      | Found a hazy altar of Hepliaklqana.
  1026 | D:2      | Found a sacrificial altar of Ru.
  1302 | D:2      | Found a shadowy altar of Dithmenos.
  1498 | D:2      | Reached ** piety under Trog
  1681 | D:2      | Reached XP level 4. HP: 26/40 MP: 3/3
  2074 | D:2      | Found a bloodstained altar of Trog.
  2266 | D:3      | Reached skill level 5 in Axes
  2288 | D:3      | Killed from afar by an orc priest

Vault maps used:
D:1:      giann_horns, st_stairs_10
D:2:      nicolae_overflow_crystal_walls,
          chequers_temple_overflow_statue_of_worship, first_ration,
          grunt_dithmenos_smoke
D:3:      grunt_qazlal_sundering, gup_sewer_entry_glass

Skill      XL: |  1  2  3  4 |
---------------+-------------+-----
Axes           | 4 5 |  5.0
Fighting       | 4 |  4.3
Armour         | 3 |  3.3
Dodging        | 3 |  3.0

Action                   |  1- 3 |  4- 6 || total
-------------------------+-------+-------++-------
Melee: Hand axe          |    70 |    23 ||    93
       Headbutt          |    10 |     4 ||    14
 Stab: Sleeping          |     2 |     1 ||     3
       Distracted        |       |     1 ||     1
  Eat: Chunk             |     2 |     2 ||     4
Armor: Animal skin       |    13 |       ||    13
       Ring mail         |     1 |     4 ||     5
Dodge: Dodged            |    41 |    14 ||    55

Table legend:
 A = Spawn XP
 B = Non-spawn XP
 C = Spawn XP percentage of total XP
 D = Spawn monster count
 E = Non-spawn monster count
 F = Spawn count percentage of total count
 G = Total turns spent on level
                    A         B        C        D         E        F      G
               +---------+---------+-------+---------+---------+-------+---------
         Total |       0 |     152 |   0.0 |       0 |      38 |   0.0 |  2288
               +---------+---------+-------+---------+---------+-------+---------
           D:1 |       0 |      26 |   0.0 |       0 |      13 |   0.0 |   801
           D:2 |       0 |      81 |   0.0 |       0 |      22 |   0.0 |  1450
           D:3 |       0 |      45 |   0.0 |       0 |       3 |   0.0 |    37
               +---------+---------+-------+---------+---------+-------+---------
